 Dungeon Crawl Stone Soup version 0.30-a0-782-ge64f9170bb (webtiles) character file.

Game seed: 5085129466210204624

11 mopl the Vexing (level 2, -2/15 HPs)
             Began as a Deep Elf Enchanter on Mar 14, 2023.
             Slain by a quokka (5 damage)
             ... on level 3 of the Dungeon.
             The game lasted 00:01:30 (1040 turns).

mopl the Vexing (Deep Elf Enchanter)                Turns: 1040, Time: 00:01:31

Health: -2/15      AC:  2    Str:  5    XL:     2   Next: 13%
Magic:  0/8        EV: 12    Int: 19    God:
Gold:   84         SH:  0    Dex: 15    Spells: 5/7 levels left

rFire   . . .      SeeInvis .    a - +1 dagger (protect)
rCold   . . .      Faith    .    (no shield)
rNeg    . . .      Spirit   .    b - +0 robe
rPois   .          Reflect  .    (no helmet)
rElec   .          Harm     .    (no cloak)
rCorr   .          Rampage  .    (no gloves)
Will    .....                    (no boots)
Stlth   +++                      (no amulet)
HPRegen 0.22/turn                (no ring)
MPRegen 0.11/turn                (no ring)

@: very slightly contaminated
A: no striking features
a: no special abilities


You were on level 3 of the Dungeon.
You visited 1 branch of the dungeon, and saw 3 of its levels.

You collected 84 gold pieces.

Inventory:

Hand Weapons
 a - a +1 dagger of protection (weapon)
Missiles
 g - 5 poisoned darts
Armour
 b - a +0 robe (worn)
Scrolls
 d - a scroll of enchant weapon {unknown}
 f - a scroll of fog {unknown}
 h - 2 scrolls of identify {unknown}
 i - a scroll of magic mapping {unknown}
 l - a scroll of poison {unknown}
Potions
 c - 2 potions of invisibility
 e - a potion of might {unknown}
 j - 2 potions of flight {unknown}
 k - a potion of berserk rage {unknown}
 m - a potion of curing {unknown}


   Skills:
 + Level 1.3 Short Blades
 - Level 2.4 Dodging
 + Level 3.9 Stealth
 + Level 3.2 Spellcasting
 + Level 4.2 Hexes


You had 5 spell levels left.
You knew the following spells:

 Your Spells              Type           Power      Damage    Failure   Level
b - Ensorcelled Hibernat  Hex/Ice        22%        N/A       10%         2

Your spell library contained the following spells:

 Spells                   Type           Power      Damage    Failure   Level
 Confusing Touch          Hex            19%        N/A       8%          3
 Tukima's Dance           Hex            19%        N/A       8%          3
 Dazzling Flash           Conj/Hex       22%        N/A       19%         3
 Yara's Violent Unravell  Hex/Tmut       5%         3d4       86%         5
 Enfeeble                 Hex            9%         N/A       100%        7


Dungeon Overview and Level Annotations

Branches:
Dungeon (3/15)

Altars:
Ru


Message History

The quokka closely misses you.
The quokka looks drowsy...
The helpless quokka fails to defend itself.
You impale the quokka!!
Your weapon exudes an aura of protection.
You kill the quokka!
The quokka resists with significant effort.
The quokka misses you.
The quokka resists with significant effort.
The quokka barely misses you. The quokka bites you.
The quokka closely misses you. The quokka attacks as you move away!
The quokka closely misses you. The quokka bites you.
The quokka attacks as you move away! The quokka barely misses you.
The quokka attacks as you move away! The quokka barely misses you.
The quokka attacks as you move away! The quokka bites you.
The quokka bites you but does no damage.
The quokka attacks as you move away! The quokka closely misses you.
There is a stone staircase leading down here.
The quokka bites you.
* * * LOW HITPOINT WARNING * * *
You climb downwards.
Found a book of Flames.
There is a stone staircase leading up here.
The ball python hisses angrily.
The ball python bites you.
* * * LOW HITPOINT WARNING * * *
The ball python closely misses you.
Casting: Ensorcelled Hibernation (safe; 10% risk of failure)
Confirm with . or Enter, or press ? or * to list all spells.
Aiming: Ensorcelled Hibernation (safe; 10% risk of failure)
Press: ? - help, Shift-Dir - straight line, f - ball python
Aim: a ball python (chance to affect: 62%)
You miscast Ensorcelled Hibernation.
You are very lightly contaminated with residual magic.
Nothing appears to happen.
The quokka closely misses you. The ball python barely misses you.
The ball python misses you. The quokka barely misses you. x2
The quokka bites you.
You die...

####
.....##########..
........S@.......
........r........
.................
.................
.............:...
.................
.................
.##..............
###..........#


You could see a quokka and a ball python.

Vanquished Creatures
  An endoplasm (D:2)
  2 giant cockroaches (D:1)
  A goblin (D:1)
  A quokka (D:2)
  A ball python (D:1)
  A frilled lizard (D:1)
  2 kobolds (D:1)
  A rat (D:1)
10 creatures vanquished.

Vanquished Creatures (others)
  12 plants (D:2)
12 creatures vanquished.

Grand Total: 22 creatures vanquished

Notes
Turn   | Place    | Note
-------+----------+-------------------------------------------
     0 | D:1      | mopl the Deep Elf Enchanter began the quest for the Orb.
     0 | D:1      | Reached XP level 1. HP: 10/10 MP: 6/6
   348 | D:1      | Found a faded altar of an unknown god.
   515 | D:1      | Reached XP level 2. HP: 15/15 MP: 8/8
   522 | D:1      | Learned a level 2 spell: Ensorcelled Hibernation
  1007 | D:2      | Found a sacrificial altar of Ru.
  1040 | D:3      | Slain by a quokka

Illustrated notes

Levels and vault maps discovered:
D:1:      psy_arrival_fountain, layout_loops_ring,
          nicolae_ecumenical_lake_church, minivault_26
D:2:      wad_woods_stonehenge, layout_basic
D:3:      layout_rooms, serial_shops, shop, roderic_roman_lattice, uniq_ijyb,
          uniq_robin

Action                     || total
---------------------------++-------
  Melee: Dagger            ||    18
  Throw: Dart              ||     2
   Cast: Ensorcelled Hiber ||     4
   Stab: Sleeping          ||     4
 Armour: Robe              ||     7
  Dodge: Dodged            ||    22

Table legend: (Time is in decaauts)
 A = Elapsed time spent in this place.
 B = Non-inter-level travel time spent in this place.
 C = Inter-level travel time spent in this place.
 D = Time resting spent in this place.
 E = Time spent auto-exploring this place.
 F = Levels seen in this place.
 G = Mean time per level.
                   A        B        C        D        E       F      G
               +--------+--------+--------+--------+--------+-----+--------+
         Total |   1039 |    957 |     82 |      0 |    823 |   3 |  346.3 |
       Dungeon |   1039 |    957 |     82 |      0 |    823 |   3 |  346.3 |
               +--------+--------+--------+--------+--------+-----+--------+

Top non-repeatable levels by time:
     D:1: 912 daAuts
     D:2: 123 daAuts
     D:3: 3 daAuts
